 Dungeon Crawl Stone Soup version 0.26.0-16-gc1dbca0489 (webtiles) character file.

Game seed: 1973419308957820447

277 thiole the Sneak (level 6, 0/36 HPs)
             Began as an Octopode Hedge Wizard on Jan 20, 2021.
             Slain by a gnoll (2 damage)
             ... on level 3 of the Dungeon.
             The game lasted 00:06:10 (4529 turns).

thiole the Sneak (Octopode Hedge Wizard)            Turns: 4529, Time: 00:06:10

Health: 0/36       AC:  1    Str: 10    XL:     6   Next: 25%
Magic:  7/12       EV: 13    Int: 18    God:
Gold:   112        SH:  0    Dex: 11    Spells: 7/13 levels left

rFire    . . .     SeeInvis .   a - +0 dagger
rCold    . . .     Faith    .   (no shield)
rNeg     . . .     Spirit   .   b - +0 hat
rPois    .         Reflect  .   (no amulet)
rElec    .         Harm     .   (no ring)
rCorr    .         Rampage  .   (no ring)
Will     .....                  (no ring)
Stlth    ++++......             (no ring)
HPRegen  0.12/turn              (no ring)
MPRegen  0.13/turn              (no ring)
                                (no ring)
                                (no ring)

@: hasted, very quick
A: almost no armour, stealthy swim, amphibious, 8 rings, constrict 8, camouflage
1, gelatinous body 1
a: no special abilities


You were on level 3 of the Dungeon.
You visited 1 branch of the dungeon, and saw 3 of its levels.

You collected 112 gold pieces.

Inventory:

Hand Weapons
 a - a +0 dagger (weapon)
Armour
 b - a +0 hat (worn)
Jewellery
 j - an uncursed amulet of faith
Scrolls
 d - 2 scrolls of teleportation
 f - 2 scrolls of identify
 g - a scroll of blinking {unknown}
 l - a scroll of noise {unknown}
 m - 2 scrolls of remove curse {unknown}
Potions
 c - a potion of brilliance {unknown}
 e - 2 potions of magic
 h - a potion of ambrosia {unknown}
 i - a potion of resistance {unknown}
 n - a potion of lignification {unknown}


   Skills:
 - Level 2.0 Dodging
 + Level 5.6 Stealth
 + Level 4.4 Spellcasting
 - Level 2.0 Conjurations
 - Level 2.0 Summonings
 - Level 1.0 Translocations
 * Level 1.2 Air Magic
 * Level 1.5 Poison Magic


You had 7 spell levels left.
You knew the following spells:

 Your Spells              Type           Power        Failure   Level
a - Magic Dart            Conj           44%          6%          1
b - Call Imp              Summ           11%          10%         2
c - Mephitic Cloud        Conj/Pois/Air  9%           22%         3

Your spell library contained the following spells:

 Spells                   Type           Power        Failure   Level
 Beastly Appendage        Tmut           6%           14%         1
 Blink                    Tloc           N/A          14%         2
 Slow                     Hex            3%           22%         2
 Wereblood                Tmut           3%           22%         2
 Conjure Flame            Conj/Fire      7%           28%         3
 Spider Form              Tmut/Pois      3%           30%         3
 Ice Form                 Ice/Tmut       3%           80%         4
 Blade Hands              Tmut           1%           98%         5


Dungeon Overview and Level Annotations

Branches:
Dungeon (3/15)

Altars:
Cheibriados
Okawaru
Ru
Uskayaw

Annotations:
D:2 1 runed translucent door, Crazy Yiuf


Innate Abilities, Weirdness & Mutations

You cannot wear most types of armour.
You are very stealthy in the water. (Stealth+)
You are amphibious.
You can wear up to eight rings at the same time.
You can use your tentacles to constrict eight enemies at once.
Your skin changes colour to match your surroundings (Stealth+).
Your rubbery body absorbs attacks. (AC +1, EV +1)


Message History

* * * LOW HITPOINT WARNING * * *
You hit the gnoll but do no damage. You squeeze the gnoll.
The gnoll is severely wounded.
You constrict the gnoll. The gnoll barely misses you.
Your crimson imp blinks!
You hit the gnoll.
You kill the gnoll!
The gnoll barely misses you.
You hit the gnoll. You grab the gnoll.
The gnoll is heavily wounded.
You constrict the gnoll, but do no damage.
The gnoll barely misses you.
You hit the gnoll but do no damage.
The gnoll is heavily wounded.
You constrict the gnoll. You hit the gnoll but do no damage.
The gnoll is severely wounded.
You constrict the gnoll, but do no damage.
The gnoll hits you.
You die...

#.##.# #######'##.#
#........).#######
#.......†..).....# ####
#....5..)........#
...####................#
.......................#
...............g.######
................@#
.......###########
.......# .......#
.......# .......#
###)#### ###[# ..).#


You could see a gnoll and a friendly crimson imp (summoned).

Vanquished Creatures
  An orc wizard (D:2)
  Jessica (D:3)
  3 gnolls (D:3)
  4 adders (D:2)
  An ooze (D:1)
  5 worms
  A dart slug (D:2)
  2 leopard geckos
  6 orcs
  5 ball pythons
  3 giant cockroaches
  11 hobgoblins
  7 jackals
  3 quokkas (D:2)
  5 bats
  7 frilled lizards
  6 goblins
  5 rats
76 creatures vanquished.

Vanquished Creatures (collateral kills)
  A hound (D:3)
  4 gnolls (D:3)
  3 adders
  A bat (D:2)
  A goblin (D:2)
  A jackal (D:2)
  A rat (D:3)
12 creatures vanquished.

Vanquished Creatures (others)
  31 plants
31 creatures vanquished.

Grand Total: 119 creatures vanquished

Notes
Turn   | Place    | Note
-------+----------+-------------------------------------------
     0 | D:1      | thiole the Octopode Hedge Wizard began the quest for the
                  | Orb.
     0 | D:1      | Reached XP level 1. HP: 11/11 MP: 4/4
   173 | D:1      | Reached XP level 2. HP: 8/17 MP: 1/6
   395 | D:1      | Reached skill level 3 in Stealth
   708 | D:1      | Reached XP level 3. HP: 21/21 MP: 4/7
   711 | D:1      | Learned a level 2 spell: Call Imp
   715 | D:1      | Learned a level 3 spell: Mephitic Cloud
  1818 | D:2      | Reached skill level 4 in Stealth
  1818 | D:2      | Reached XP level 4. HP: 12/27 MP: 7/9
  2615 | D:2      | Found a runed translucent door.
  2616 | D:2      | Noticed Crazy Yiuf
  2753 | D:2      | Reached XP level 5. HP: 28/31 MP: 5/10
  3450 | D:2      | Reached skill level 5 in Stealth
  3484 | D:2      | Found a sacrificial altar of Ru.
  3485 | D:2      | Found a hide-covered altar of Uskayaw.
  3486 | D:2      | Found an iron altar of Okawaru.
  3568 | D:2      | Found a snail-covered altar of Cheibriados.
  3980 | D:2      | HP: 1/31 [poisoned by an adder]
  4229 | D:3      | Reached XP level 6. HP: 14/36 MP: 3/12
  4233 | D:3      | Noticed Jessica
  4262 | D:3      | Killed Jessica
  4263 | D:3      | Reached skill level 1 in Air Magic
  4263 | D:3      | Reached skill level 1 in Poison Magic
  4529 | D:3      | Slain by a gnoll

Illustrated notes

Levels and vault maps discovered:
D:1:      tarquinn_simple_flora_water_d, layout_basic,
          hangedman_decor_slide_cut, chequers_serial_rivers_micro_a,
          chequers_serial_rivers_micro_e, minmay_lizard_king
D:2:      layout_loops_corners, nicolae_overflow_quartered_altars, serial_bayou,
          serial_bayou_pond_b, serial_bayou_crossing, serial_bayou_shore_a,
          serial_bayou_pond_c, uniq_crazy_yiuf_cottage
D:3:      layout_basic, uniq_jessica

Skill      XL: |  1  2  3  4  5  6 |
---------------+-------------------+-----
Stealth        | 3 4 5 |  5.6
Conjurations   | 2 |  2.0
Summonings     | 2 |  2.0
Spellcasting   | 4 |  4.4
Air Magic      | 1 |  1.2
Poison Magic   | 1 |  1.5
Dodging        | |  2.0
Translocations | |  1.0

Action                   |  1- 3 |  4- 6 || total
-------------------------+-------+-------++-------
Melee: Dagger            |    47 |    83 ||   130
       Constrict         |    12 |    23 ||    35
       Tentacles         |     8 |    11 ||    19
 Cast: Magic Dart        |    41 |   114 ||   155
       Call Imp          |       |    14 ||    14
  Use: Potion            |       |     5 ||     5
       Scroll            |       |     2 ||     2
 Stab: Sleeping          |     1 |       ||     1
Armor: Skin              |     3 |     4 ||     7
Dodge: Dodged            |    27 |    58 ||    85
